General information
- name: BNet
- type: Ladder team game (AT/RT)
- host: Battle.net
- saver: KINGDOMOFAMALUR
map: Battleground
- players: 8
- length: 15:55
- speed: Fast
- version: 1.26 W3XP
- replay type: Public
» download(106 KB)
Players
team 1 (winner)
sr-marine84 (
pink | 76 APM | 1207 actions | 15:55)
4 Tauren Chieftain
2 War Stomp
2 Endurance Aura
2 Far Seer
1 Feral Spirit
1 Chain Lighting
2 Dark Ranger
1 Black Arrow
1 Silence
» actions
| Assign group hotkey | 29 | |
| Basic commands | 2 | |
| Build / train | 53 | |
| Enter build submenu | 15 | |
| Enter hero's abilities submenu | 8 | |
| Give item / drop item | 1 | |
| Right click | 457 | |
| Select / deselect | 227 | |
| Select group hotkey | 356 | |
| Use ability | 59 | |
1207 total
» units
| Peon | 11 | |
| Troll Headhunter/Berserker | 11 | |
| Demolisher | 1 | |
23 total
» upgrades
| Spiked Barricades | 2 | |
| Troll Regeneration | 1 | |
| Berserker Upgrade | 1 | |
| Burning Oil | 1 | |
| Reinforced Defenses | 1 | |
| Ranged Weapons | 1 | |
| Armor | 2 | |
9 total
» buildings
| Orc Burrow | 5 | |
| Altar of Storms | 1 | |
| Barracks | 2 | |
| War Mill | 1 | |
| Watch Tower | 3 | |
| Stronghold | 1 | |
| Voodoo Lounge | 1 | |
| Fortress | 1 | |
| Great Hall | 1 | |
16 total
» build order
00:22 Orc Burrow
00:36 Altar of Storms
00:51 Barracks
01:17 War Mill
01:47 Orc Burrow
02:25 Barracks
02:57 Watch Tower
03:08 Watch Tower
03:34 Orc Burrow
05:16 Stronghold
05:28 Orc Burrow
05:59 Voodoo Lounge
08:13 Fortress
10:10 Watch Tower
12:16 Orc Burrow
15:24 Great Hall
» items
| Healing Salve | 2 | |
| Scroll of Speed | 2 | |
| Scroll of Town Portal | 1 | |
| Potion of Healing | 2 | |
| Orb of Lightning | 1 | |
8 total
Azz_Titties (
yellow | 22 APM | 350 actions | 15:55)
3 Dreadlord
1 Sleep
2 Vampiric Aura
» actions
| Assign group hotkey | 9 | |
| Basic commands | 11 | |
| Build / train | 39 | |
| Enter build submenu | 12 | |
| Enter hero's abilities submenu | 3 | |
| Give item / drop item | 1 | |
| Right click | 67 | |
| Select / deselect | 98 | |
| Select group hotkey | 77 | |
| Use ability | 33 | |
350 total
» units
| Acolyte | 3 | |
| Ghoul | 3 | |
| Crypt Fiend | 10 | |
| Obsidian Statue | 2 | |
| Abomination | 3 | |
21 total
» upgrades
| Creature Attack | 2 | |
| Web | 1 | |
| Creature Carapace | 1 | |
| Destroyer Form | 1 | |
| Unholy Strength | 1 | |
6 total
» buildings
| Altar of Darkness | 1 | |
| Ziggurat | 6 | |
| Crypt | 1 | |
| Graveyard | 1 | |
| Nerubian Tower | 1 | |
| Tomb of Relics | 1 | |
| Halls of the Dead | 1 | |
| Slaughterhouse | 2 | |
| Black Citadel | 1 | |
15 total
» build order
00:22 Altar of Darkness
00:33 Ziggurat
00:55 Crypt
01:27 Graveyard
01:44 Ziggurat
03:04 Nerubian Tower
03:34 Ziggurat
03:54 Tomb of Relics
04:45 Ziggurat
05:44 Halls of the Dead
08:20 Slaughterhouse
08:23 Slaughterhouse
08:34 Ziggurat
10:48 Ziggurat
11:49 Black Citadel
» items
| Rod of Necromancy | 1 | |
| Potion of Healing | 1 | |
| Scroll of Town Portal | 2 | |
| Scroll of Protection | 1 | |
5 total
BEAR-MAN. (
green | 68 APM | 1083 actions | 15:55)
5 Mountain King
3 Storm Bolt
2 Bash
» actions
| Assign group hotkey | 21 | |
| Basic commands | 2 | |
| Build / train | 55 | |
| Enter build submenu | 16 | |
| Enter hero's abilities submenu | 7 | |
| Give item / drop item | 1 | |
| Remove unit from queue | 1 | |
| Right click | 505 | |
| Select / deselect | 124 | |
| Select group hotkey | 296 | |
| Use ability | 55 | |
1083 total
» units
| Peasant | 9 | |
| Footman | 5 | |
| Gryphon Rider | 7 | |
21 total
» upgrades
| Masonry | 3 | |
| Lumber Harvesting | 2 | |
| Animal War Training | 1 | |
| Storm Hammers | 1 | |
| Swords | 1 | |
| Armor | 1 | |
9 total
» buildings
| Altar of Kings | 1 | |
| Barracks | 1 | |
| Farm | 10 | |
| Scout Tower | 9 | |
| Arcane Tower | 1 | |
| Arcane Vault | 1 | |
| Keep | 1 | |
| Lumber Mill | 1 | |
| Guard Tower | 6 | |
| Castle | 2 | |
| Gryphon Aviary | 3 | |
| Blacksmith | 1 | |
37 total
» build order
00:10 Altar of Kings
00:21 Barracks
00:37 Farm
00:52 Farm
01:30 Farm
01:40 Scout Tower
02:10 Arcane Tower
02:44 Arcane Vault
03:17 Keep
03:45 Lumber Mill
03:51 Farm
04:03 Scout Tower
04:03 Scout Tower
04:04 Scout Tower
04:38 Scout Tower
04:38 Scout Tower
04:41 Scout Tower
04:42 Scout Tower
04:45 Scout Tower
05:01 Guard Tower
05:02 Guard Tower
05:02 Guard Tower
05:47 Guard Tower
06:06 Guard Tower
06:45 Castle
06:45 Castle
08:11 Gryphon Aviary
08:13 Gryphon Aviary
08:22 Blacksmith
08:26 Gryphon Aviary
08:45 Farm
08:46 Farm
08:47 Farm
08:48 Farm
08:49 Farm
08:49 Farm
» items
| Scroll of Regeneration | 3 | |
| Lesser Clarity Potion | 1 | |
| Staff of Teleportation | 1 | |
| Potion of Healing | 1 | |
| Potion of Mana | 1 | |
7 total
KINGDOMOFAMALUR (
teal | 70 APM | 1115 actions | 15:55)
4 Blood Mage
2 Flame Strike
2 Banish
» actions
| Assign group hotkey | 38 | |
| Basic commands | 2 | |
| Build / train | 61 | |
| Enter build submenu | 18 | |
| Enter hero's abilities submenu | 4 | |
| Give item / drop item | 5 | |
| Remove unit from queue | 1 | |
| Right click | 548 | |
| Select / deselect | 254 | |
| Select group hotkey | 142 | |
| Use ability | 42 | |
1115 total
» units
| Peasant | 8 | |
| Footman | 12 | |
| Gryphon Rider | 9 | |
| Knight | 1 | |
30 total
» upgrades
| Masonry | 3 | |
| Lumber Harvesting | 1 | |
| Swords | 3 | |
| Animal War Training | 1 | |
| Backpack | 1 | |
| Storm Hammers | 1 | |
| Armor | 2 | |
12 total
» buildings
| Altar of Kings | 1 | |
| Farm | 8 | |
| Barracks | 1 | |
| Keep | 1 | |
| Scout Tower | 1 | |
| Arcane Tower | 1 | |
| Lumber Mill | 1 | |
| Blacksmith | 1 | |
| Arcane Vault | 1 | |
| Castle | 1 | |
| Gryphon Aviary | 2 | |
19 total
» build order
00:03 Altar of Kings
00:07 Farm
00:11 Barracks
01:05 Farm
02:27 Farm
02:50 Keep
03:11 Scout Tower
03:56 Arcane Tower
04:39 Lumber Mill
04:44 Blacksmith
05:20 Arcane Vault
05:52 Castle
06:15 Gryphon Aviary
07:07 Gryphon Aviary
09:13 Farm
10:06 Farm
13:19 Farm
13:22 Farm
15:13 Farm
» items
| Boots of Speed | 1 | |
| Staff of Teleportation | 1 | |
| Potion of Invisibility | 3 | |
| Lesser Clarity Potion | 2 | |
| Potion of Mana | 1 | |
| Potion of Healing | 1 | |
| Scroll of Regeneration | 1 | |
10 total
team 2 (loser)

»
while(1) (
blue | 65 APM | 927 actions | 14:20)
4 Death Knight
2 Death Coil
2 Unholy Aura
» actions
| Assign group hotkey | 32 | |
| Build / train | 34 | |
| Enter build submenu | 13 | |
| Enter hero's abilities submenu | 4 | |
| Remove unit from queue | 2 | |
| Right click | 506 | |
| Select / deselect | 145 | |
| Select group hotkey | 166 | |
| Use ability | 25 | |
927 total
» units
| Acolyte | 7 | |
| Ghoul | 4 | |
| Crypt Fiend | 7 | |
18 total
» upgrades
| Web | 1 | |
| Creature Attack | 2 | |
| Creature Carapace | 2 | |
5 total
» buildings
| Ziggurat | 6 | |
| Altar of Darkness | 1 | |
| Crypt | 2 | |
| Graveyard | 1 | |
| Tomb of Relics | 1 | |
| Nerubian Tower | 1 | |
| Halls of the Dead | 1 | |
| Black Citadel | 1 | |
| Sacrificial Pit | 1 | |
15 total
» build order
00:12 Ziggurat
00:57 Altar of Darkness
01:01 Crypt
01:04 Crypt
01:47 Graveyard
02:11 Ziggurat
02:21 Tomb of Relics
02:41 Nerubian Tower
03:16 Ziggurat
05:30 Halls of the Dead
05:47 Ziggurat
08:10 Black Citadel
08:19 Ziggurat
09:30 Sacrificial Pit
10:51 Black Citadel
10:58 Ziggurat
Bitonti8 (
orange | 19 APM | 306 actions | 15:47)
4 Blademaster
1 Critical Strike
1 Wind Walk
2 Mirror Image
» actions
| Build / train | 45 | |
| Enter build submenu | 14 | |
| Enter hero's abilities submenu | 4 | |
| Right click | 86 | |
| Select / deselect | 127 | |
| Use ability | 30 | |
306 total
» units
| Peon | 15 | |
| Grunt | 4 | |
| Shaman | 4 | |
| Troll Witch Doctor | 4 | |
| Tauren | 3 | |
30 total
» upgrades
| Witch Doctor Training | 2 | |
| Shaman Training | 2 | |
| Pulverize | 1 | |
| Melee Weapons | 1 | |
6 total
» buildings
| Altar of Storms | 1 | |
| Orc Burrow | 6 | |
| Barracks | 1 | |
| Stronghold | 1 | |
| Voodoo Lounge | 1 | |
| Fortress | 1 | |
| Spirit Lodge | 2 | |
| War Mill | 1 | |
| Tauren Totem | 2 | |
16 total
» build order
00:06 Altar of Storms
00:27 Orc Burrow
01:26 Barracks
01:59 Orc Burrow
03:05 Stronghold
03:19 Orc Burrow
03:54 Voodoo Lounge
05:27 Fortress
05:32 Spirit Lodge
05:44 Spirit Lodge
05:50 Orc Burrow
05:55 War Mill
08:27 Tauren Totem
08:41 Tauren Totem
10:31 Orc Burrow
12:13 Orc Burrow
» items
| Healing Salve | 1 | |
| Lesser Clarity Potion | 1 | |
2 total
CalmLikeABomb (
purple | 54 APM | 708 actions | 13:06)
5 Archmage
3 Summon Water Elemental
2 Brilliance Aura
» actions
| Assign group hotkey | 49 | |
| Basic commands | 4 | |
| Build / train | 41 | |
| Enter build submenu | 32 | |
| Enter hero's abilities submenu | 5 | |
| Remove unit from queue | 1 | |
| Right click | 291 | |
| Select / deselect | 173 | |
| Select group hotkey | 59 | |
| Use ability | 53 | |
708 total
» units
| Peasant | 19 | |
| Footman | 2 | |
| Rifleman | 5 | |
26 total
» upgrades
» buildings
| Altar of Kings | 1 | |
| Barracks | 1 | |
| Farm | 6 | |
| Blacksmith | 1 | |
| Arcane Vault | 1 | |
| Lumber Mill | 1 | |
| Town Hall | 2 | |
| Keep | 1 | |
| Scout Tower | 20 | |
| Guard Tower | 4 | |
| Castle | 1 | |
| Gryphon Aviary | 2 | |
41 total
» build order
00:44 Altar of Kings
00:48 Barracks
00:54 Farm
00:55 Farm
01:12 Farm
01:52 Blacksmith
02:07 Farm
02:28 Farm
02:32 Farm
03:21 Arcane Vault
04:00 Lumber Mill
05:29 Town Hall
05:52 Keep
06:40 Scout Tower
06:42 Scout Tower
06:43 Scout Tower
06:46 Scout Tower
07:11 Guard Tower
07:14 Guard Tower
08:21 Town Hall
09:19 Scout Tower
09:20 Scout Tower
09:21 Scout Tower
09:24 Scout Tower
09:25 Scout Tower
09:28 Scout Tower
09:32 Scout Tower
09:32 Scout Tower
09:33 Scout Tower
09:34 Scout Tower
10:41 Castle
10:45 Guard Tower
11:16 Guard Tower
11:18 Scout Tower
11:19 Scout Tower
11:20 Scout Tower
11:21 Scout Tower
11:23 Scout Tower
11:25 Scout Tower
11:48 Gryphon Aviary
12:48 Gryphon Aviary
» items

»
mattybatty (
red | 52 APM | 824 actions | 15:54)
5 Priestess of the Moon
2 Scout
3 Trueshot Aura
» actions
| Assign group hotkey | 23 | |
| Basic commands | 17 | |
| Build / train | 117 | |
| Enter build submenu | 14 | |
| Enter hero's abilities submenu | 5 | |
| Remove unit from queue | 2 | |
| Right click | 192 | |
| Select / deselect | 249 | |
| Select group hotkey | 174 | |
| Use ability | 31 | |
824 total
» units
| Wisp | 21 | |
| Archer | 3 | |
| Huntress | 14 | |
| Mountain Giant | 4 | |
| Dryad | 7 | |
| Hippogryph | 25 | |
| Gryphon Rider | 10 | |
| Peasant | 2 | |
86 total
» upgrades
| Ultravision | 1 | |
| Strength of the Wild | 2 | |
| Reinforced Hides | 3 | |
| Abolish Magic | 1 | |
| Nature's Blessing | 1 | |
| Hardened Skin | 1 | |
| Resistant Skin | 1 | |
| Well Spring | 1 | |
| Storm Hammers | 1 | |
12 total
» buildings
| Moon Well | 4 | |
| Altar of Elders | 1 | |
| Ancient of War | 1 | |
| Hunter's Hall | 1 | |
| Ancient of Wonders | 1 | |
| Tree of Ages | 1 | |
| Ancient of Wind | 2 | |
| Ancient of Lore | 2 | |
| Tree of Eternity | 4 | |
| Farm | 2 | |
19 total
» build order
00:08 Moon Well
00:18 Altar of Elders
01:05 Ancient of War
01:30 Moon Well
02:08 Hunter's Hall
02:27 Moon Well
04:03 Moon Well
05:03 Ancient of Wonders
05:04 Tree of Ages
07:55 Ancient of Wind
07:57 Ancient of Wind
08:00 Ancient of Lore
08:04 Ancient of Lore
08:58 Tree of Eternity
08:58 Tree of Eternity
08:59 Tree of Eternity
15:21 Farm
15:25 Farm
Chat log
(00:16 / Allies) sr-marine84: hh pults
(00:20 / All) KINGDOMOFAMALUR: Green is your AKA bear_and?
(01:13 / All) BEAR-MAN.: i am a homo
(01:21 / Allies) Azz_Titties: we know
(01:54 / All) KINGDOMOFAMALUR: Fuck the po-lice?
(02:06 / All) BEAR-MAN.: GET KINGDOMS OF AMALUR COMES OUT FEB 7 TY FOR TIME
(02:07 / All) KINGDOMOFAMALUR: Obi-won kano-bee, family!
(02:19 / All) KINGDOMOFAMALUR: Jewish Skeleton Exibit!
(02:20 / All) CalmLikeABomb: Game looks like ass
(02:28 / All) BEAR-MAN.: best rpg eva son
(02:43 / All) CalmLikeABomb: Looks horrid
(02:48 / All) CalmLikeABomb: Single player WoW
(03:02 / All) BEAR-MAN.: it has great writing and combat though, so thats not accurate
(05:50 / Allies) BEAR-MAN.: k
(06:20 / Allies) BEAR-MAN.: WOOD
(06:56 / Allies) BEAR-MAN.: stay
(07:04 / Allies) Azz_Titties: coming
(07:10 / Allies) Azz_Titties: b up to me
(08:29 / Allies) BEAR-MAN.: b
(08:29 / Allies) BEAR-MAN.: b
(08:37 / Allies) KINGDOMOFAMALUR: Yellow
(08:39 / Allies) KINGDOMOFAMALUR: What the fuck
(08:41 / Allies) Azz_Titties: wow
(08:41 / Allies) KINGDOMOFAMALUR: are you doing?
(08:47 / Allies) KINGDOMOFAMALUR: I was harassing dumbfuck
(08:51 / Allies) Azz_Titties: had it on follow
(08:56 / Allies) Azz_Titties: amateur hour
(08:58 / Allies) Azz_Titties: my bad
(09:21 / Allies) BEAR-MAN.: wood
(09:23 / Allies) BEAR-MAN.: and gold
(09:48 / Allies) BEAR-MAN.: gold
(10:01 / Allies) BEAR-MAN.: pnk u here?
(10:09 / Allies) BEAR-MAN.: do not hit purple
(10:58 / Allies) BEAR-MAN.: wood
(11:16 / Allies) BEAR-MAN.: do not hit purple
(11:18 / Allies) BEAR-MAN.: he is no threat
(11:22 / Allies) BEAR-MAN.: lets hit blue
(11:25 / Allies) BEAR-MAN.: ok guys?
(11:30 / Allies) BEAR-MAN.: dont hit that
(11:31 / Allies) BEAR-MAN.: pink
(11:32 / Allies) BEAR-MAN.: hit blue
(11:50 / Allies) Azz_Titties: meet
(12:07 / Allies) BEAR-MAN.: hit lbue
(12:08 / Allies) BEAR-MAN.: go
(12:10 / Allies) BEAR-MAN.: lets hit blue
(12:13 / Allies) Azz_Titties: k
(12:18 / Allies) BEAR-MAN.: go now
(12:29 / Allies) sr-marine84: we should hit
(12:30 / Allies) sr-marine84: expos
(12:33 / Allies) BEAR-MAN.: no
(12:35 / Allies) BEAR-MAN.: too many towers
(13:06 / Allies) KINGDOMOFAMALUR: RIP Turncoat
(15:25 / Allies) Azz_Titties: teal go hit purp with ur air
(15:32 / Allies) KINGDOMOFAMALUR: was planning on it
(15:35 / Allies) KINGDOMOFAMALUR: sec
(15:48 / Allies) BEAR-MAN.: lets hti pink
(15:49 / Allies) BEAR-MAN.: they are there